 Dungeon Crawl Stone Soup version 0.27-a0-1202-ge72e49191c (webtiles) character file.

Game seed: 15917879167947426980

31 mordus the Ruffian (level 3, -1/36 HPs)
             Began as a Troll Monk on June 4, 2021.
             Slain by an ogre
             ... wielding a +0 giant spiked club
              (15 damage)
             ... on level 2 of the Dungeon.
             The game lasted 00:00:33 (570 turns).

mordus the Ruffian (Troll Monk)                      Turns: 570, Time: 00:00:34

Health: -1/36      AC:  4    Str: 19    XL:     3   Next: 7%
Magic:  2/2        EV: 10    Int:  6    God:
Gold:   26         SH:  0    Dex: 13    Spells: 2/2 levels left

rFire    . . .     SeeInvis .     - Unarmed
rCold    . . .     Faith    .   (no shield)
rNeg     . . .     Spirit   .   a - +0 robe
rPois    .         Reflect  .   (helmet restricted)
rElec    .         Harm     .   (no cloak)
rCorr    .         Rampage  .   (gloves unavailable)
Will     .....                  (boots unavailable)
Stlth    ++........             (no amulet)
HPRegen  1.12/turn              (no ring)
MPRegen  0.08/turn              (no ring)

@: no status effects
A: large, unfitting armour, claws 3, regeneration 1, shaggy fur 1, tough skin 1
a: no special abilities


You were on level 2 of the Dungeon.
You visited 1 branch of the dungeon, and saw 2 of its levels.

You collected 26 gold pieces.

Inventory:

Armour
 a - a +0 robe (worn)
Jewellery
 b - a ring of fire
Scrolls
 d - a scroll of enchant weapon {unknown}
 e - a scroll of teleportation {unknown}
 f - a scroll of acquirement {unknown}
 g - a scroll of fog {unknown}
Potions
 c - a potion of mutation {unknown}


   Skills:
 + Level 2.7 Fighting
 + Level 0.9 Armour
 - Level 2.4 Dodging
 - Level 1.0 Stealth
 * Level 3.7 Unarmed Combat


You had 2 spell levels left.
You didn't know any spells.
Your spell library was empty.

Dungeon Overview and Level Annotations

Branches:
Dungeon (2/15)

Altars:


Innate Abilities, Weirdness & Mutations

You are too large for most types of armour.
You have claws for hands.
Your natural rate of healing is unusually fast.
You are covered in fur. (AC +1)
You have tough skin. (AC +1)


Message History

g - a scroll labelled BOJILLE AHUPT No target in view!
Found a scale mail.
No target in view!
You enter the shallow water.
Moving in this stuff is going to be slow.
Found a stone staircase leading down.
A bat comes into view.
An ogre comes into view. It is wielding a +0 giant spiked club.
There are monsters nearby!
You scratch the bat.
You kill the bat!
An ogre is nearby!
An ogre is nearby!
An ogre is nearby!
You scratch the ogre.
The ogre is lightly wounded.
An ogre is nearby!
You scratch the ogre but do no damage.
The ogre is lightly wounded.
The ogre closely misses you.
An ogre is nearby!
An ogre is nearby!
You claw the ogre!
The ogre is moderately wounded.
The ogre hits you with a +0 giant spiked club!!
Ouch! That really hurt!
An ogre is nearby!
You are too injured to fight recklessly!
An ogre is nearby!
You are too injured to fight recklessly!
An ogre is nearby!
An ogre is nearby!
You are too injured to fight recklessly!
An ogre is nearby!
You are too injured to fight recklessly!
You barely miss the ogre.
The ogre is moderately wounded.
The ogre hits you with a +0 giant spiked club!
You die...

#+##..# ##.##
#.# #..#
#.######
##.###......#
#..##......#
##.##......#
#..#......#
##.#......#
#.#.@O...#
#..†.....#
##.......#
#..######
##># #.# #.#
#.. ##


You could see an ogre.

Vanquished Creatures
  An adder (D:2)
  2 bats
  An endoplasm (D:1)
  3 giant cockroaches (D:1)
  A hobgoblin (D:1)
  6 jackals
  A quokka (D:1)
  A ball python (D:1)
  2 frilled lizards (D:1)
  A kobold (D:2)
19 creatures vanquished.

Notes
Turn   | Place    | Note
-------+----------+-------------------------------------------
     0 | D:1      | mordus the Troll Monk began the quest for the Orb.
     0 | D:1      | Reached XP level 1. HP: 22/22 MP: 0/0
   111 | D:1      | Reached XP level 2. HP: 29/29 MP: 1/1
   497 | D:2      | Reached XP level 3. HP: 35/36 MP: 2/2
   563 | D:2      | Noticed an ogre
   570 | D:2      | Slain by an ogre

Illustrated notes

Levels and vault maps discovered:
D:1:      sevenhm_arrival_forest_fort_small_6, layout_rooms
D:2:      layout_basic, serial_shops, shop,
          shapermc_ecumenical_altar_hornbeckon, minmay_stone_trees_small,
          st_stairs_12

Action                   || total
-------------------------++-------
Melee: Unarmed           ||    43
 Stab: Sleeping          ||     2
Armor: Robe              ||    10
Dodge: Dodged            ||    27

Table legend: (Time is in decaauts)
 A = Elapsed time spent in this place.
 B = Non-inter-level travel time spent in this place.
 C = Inter-level travel time spent in this place.
 D = Time resting spent in this place.
 E = Time spent auto-exploring this place.
 F = Levels seen in this place.
 G = Mean time per level.
                   A        B        C        D        E       F      G
               +--------+--------+--------+--------+--------+-----+--------+
         Total |    567 |    560 |      7 |      0 |    468 |   2 |  283.5 |
       Dungeon |    567 |    560 |      7 |      0 |    468 |   2 |  283.5 |
               +--------+--------+--------+--------+--------+-----+--------+

Top non-repeatable levels by time:
     D:1: 397 daAuts
     D:2: 169 daAuts
